cohdb
Replays
Latest Replays
All Replays
Popular Replays
Top Player Replays
Match Explorer
How It Works
Community
CoH3 Stats
Reddit
Sign in to upload your games and track your stats! →
Sign in with Steam
Match 45707565
Unlisted
Match 45707565
Overview
Messages
Build Orders
End
Construct Barracks
Engineer Squad
1⁄4-ton 4x4 Truck
Selects Armored Battlegroup
Selects Veteran Crews
Riflemen Squad
Riflemen Squad
Infantry Support Center
Construct Motor Pool
Selects Fast Deploy
M8 Greyhound Armored Car
Construct Medical Station
Riflemen Squad
M1 Anti-tank Gun Team
M8 Greyhound Armored Car
M8 Greyhound Armored Car
Grenade Package
woof_raff
Friendly Mouse(Poxie)
1219835352
Vanghoul
0
0
Comments
sign in to comment!
No comments posted yet!